 Dungeon Crawl Stone Soup version 0.17.1-3-g152610e (webtiles) character file.

601 Galthrax the Purveyor of Pain (level 7, 0/46 HPs)
             Began as a Human Necromancer on Mar 28, 2016.
             Was an Initiate of Kikubaaqudgha.
             Slain by Urist's ghost (6 damage)
             ... on level 6 of the Dungeon on Apr 8, 2016.
             The game lasted 00:33:22 (6149 turns).

Galthrax the Purveyor of Pain (Human Necromancer)   Turns: 6149, Time: 00:33:22

Health: 0/46       AC:  5    Str:  8    XL:     7   Next: 69%
Magic:  12/12      EV: 20    Int: 17    God:    Kikubaaqudgha [......]
Gold:   202        SH:  0    Dex: 14    Spells: 4 memorised, 4 levels left

rFire  . . .     SeeInvis .     o - +2 dagger (venom)
rCold  . . .     Clarity  .     d - +0 leather armour
rNeg   . . .     SustAt   .     (no shield)
rPois  .         Gourm    .     (no helmet)
rElec  .         Spirit   .     (no cloak)
rCorr  .         Warding  .     p - +0 pair of gloves
rMut   .         Stasis   .     B - +0 pair of boots
MR     .....                    y - amulet of rage (curse)
Stlth  ++........               l - +3 ring of evasion
                                f - +4 ring of evasion

@: slowed, drained, very slow, not resistant to hostile enchantments, unstealthy
A: no striking features
a: Renounce Religion, Evoke Berserk Rage


You were on level 6 of the Dungeon.
You worshipped Kikubaaqudgha.
Kikubaaqudgha was noncommittal.
You were not hungry.

You visited 2 branches of the dungeon, and saw 7 of its levels.

You collected 202 gold pieces.

Inventory:

Hand Weapons
 o - a +2 dagger of venom (weapon)
Armour
 d - a +0 leather armour (worn)
 p - a +0 pair of gloves (worn)
 B - a +0 pair of boots (worn)
Jewellery
 f - a +4 ring of evasion (left hand)
 l - a +3 ring of evasion (right hand)
 n - an uncursed ring of protection from fire {unknown}
 y - a cursed amulet of rage (around neck)
Wands
 g - a wand of teleportation (2)
 t - a wand of digging (11)
 C - a wand of fire (10)
Scrolls
 h - a scroll of immolation {unknown}
 j - a scroll of random uselessness {unknown}
 k - a scroll of enchant armour {unknown}
 m - 4 scrolls of magic mapping {unknown}
 r - 2 scrolls of remove curse {unknown}
 w - 2 scrolls of teleportation {unknown}
 D - a scroll of identify {unknown}
 E - a scroll of recharging {unknown}
Potions
 a - 3 potions of poison {unknown}
 c - a potion of might
 e - 3 potions of resistance {unknown}
 i - 2 potions of brilliance {unknown}
 u - a potion of lignification {unknown}
 v - a potion of degeneration {unknown}
 x - 2 potions of curing {unknown}
 A - 2 potions of haste {unknown}
 F - a potion of magic {unknown}
Books
 b - a book of Necromancy

   Spells                             Type                      Level
   a - Pain                           Necromancy                   1
   b - Animate Skeleton               Necromancy                   1
   c - Vampiric Draining              Necromancy                   3
   d - Regeneration                   Charms/Necromancy            3
   e - Animate Dead                   Necromancy                   4
   f - Control Undead                 Necromancy                   4
Comestibles
 q - 3 bread rations
 s - a meat ration
 z - a beef jerky


   Skills:
 - Level 0.2(0.0) Fighting
 - Level 0.4(0.1) Armour
 + Level 3.8(3.5) Dodging
 + Level 4.2(3.9) Stealth
 + Level 3.8(3.5) Spellcasting
 + Level 6.2(5.8) Necromancy


You had 4 spell levels left.
You knew the following spells:

 Your Spells              Type           Power        Failure   Level  Hunger
a - Pain                  Necr           ###.         2%          1    None
b - Animate Skeleton      Necr           N/A          2%          1    None
c - Vampiric Draining     Necr           ###.......   10%         3    ###....
d - Animate Dead          Necr           N/A          24%         4    ####...


Dungeon Overview and Level Annotations

Branches:
Dungeon (6/15)             Temple (1/1) D:5

Altars:
Ashenzari
Dithmenos
Elyvilon
Fedhas
Kikubaaqudgha
Makhleb
Nemelex Xobeh
Qazlal
Ru
Sif Muna
Trog
Vehumet
Xom
Zin
The Shining One

Annotations:
D:4 nublet's ghost, amateur DDFi
D:6 Urist's ghost, novice HEWz


Message History

* * * LOW HITPOINT WARNING * * *
The wight misses you.
Urist's ghost mumbles some strange words.
Urist's ghost blinks!
The wight closely misses you.
You hit Urist's ghost but do no damage.
Urist's ghost hits you but does no damage.
The wight completely misses you.
The wight hits you with an enchanted long sword.
* * * LOW HITPOINT WARNING * * *
Urist's ghost barely misses you.
You hit Urist's ghost but do no damage. The wight closely misses you.
Urist's ghost casts a spell at you.
You feel as though you will be slow longer.
The wight misses you. x2
You hit the wight.
The wight is heavily damaged.
Urist's ghost hits you.
You die...
Kikubaaqudgha rasps: "You have failed me!
Welcome... death!"

####. ##################......
.......%.....zzz@W......
##################...... ....#
...#
##########################
z.z......................#
########.###############.##.##
#........... #..#..# ##
######.#.######## ##.#..##.#


You could see 3 wights and Urist's ghost.

Vanquished Creatures
  A water moccasin (D:5)
  An orc warrior (D:2)
  A scorpion (D:6)
  2 orc priests
  A crimson imp (D:5)
  A giant frog skeleton (D:6)
  2 orc wizards
  Natasha (thrice) (D:2)
  A hound skeleton (D:4)
  3 adders (D:3)
  An adder zombie (D:6)
  5 worms
  A giant gecko (D:2)
  7 orcs
  2 ball pythons
  4 bats
  2 giant cockroaches
  4 goblins
  6 hobgoblins
  8 jackals
  9 kobolds
  4 giant newts
  2 rats (D:3)
71 creatures vanquished.

Vanquished Creatures (collateral kills)
  An ooze (D:3)
  An orc (D:5)
  A hobgoblin (D:2)
  A quokka (D:2)
  A giant gecko skeleton (D:4)
  A giant newt (D:2)
  A kobold (D:3)
  A rat (D:1)
8 creatures vanquished.

Grand Total: 79 creatures vanquished

Notes
Turn   | Place    | Note
--------------------------------------------------------------
     0 | D:1      | Galthrax the Human Necromancer began the quest for the Orb.
     0 | D:1      | Reached XP level 1. HP: 13/13 MP: 3/3
   173 | D:1      | Learned a level 1 spell: Animate Skeleton
   363 | D:1      | Reached XP level 2. HP: 16/19 MP: 0/5
   962 | D:2      | Noticed Natasha
   978 | D:2      | Killed Natasha
   978 | D:2      | Reached XP level 3. HP: 1/24 MP: 0/6
  1502 | D:2      | Reached XP level 4. HP: 27/30 MP: 4/7
  1538 | D:2      | Noticed Natasha
  1544 | D:2      | Killed Natasha
  1641 | D:2      | Your ally Natasha died
  1649 | D:2      | Reached skill level 5 in Necromancy
  2056 | D:3      | Found a shadowy altar of Dithmenos.
  2301 | D:3      | Found a shimmering altar of Xom.
  2301 | D:3      | Found a radiant altar of Vehumet.
  2365 | D:3      | Noticed an orc warrior
  2372 | D:3      | Reached XP level 5. HP: 23/35 MP: 1/9
  2576 | D:2      | Noticed Natasha
  2587 | D:2      | Killed Natasha
  2605 | D:2      | Killed an orc warrior
  2605 | D:2      | Reached XP level 6. HP: 3/41 MP: 2/10
  3505 | D:4      | Noticed nublet's ghost (amateur DDFi)
  3599 | D:3      | Learned a level 3 spell: Vampiric Draining
  3604 | D:3      | Learned a level 4 spell: Animate Dead
  4929 | D:5      | Entered Level 5 of the Dungeon
  4994 | D:5      | Noticed a water moccasin
  5005 | D:5      | Killed a water moccasin
  5005 | D:5      | Reached XP level 7. HP: 31/46 MP: 3/12
  5173 | D:5      | Found a shadowy altar of Dithmenos.
  5249 | D:5      | Reached skill level 6 in Necromancy
  5323 | D:5      | Found a staircase to the Ecumenical Temple.
  5742 | Temple   | Entered the Ecumenical Temple
  5821 | Temple   | Became a worshipper of Kikubaaqudgha
  6132 | D:6      | Noticed Urist's ghost (novice HEWz)
  6149 | D:6      | Slain by Urist's ghost

Action                   |  1- 3 |  4- 6 |  7- 9 || total
-------------------------+-------+-------+-------++-------
Melee: Whip              |    34 |    18 |       ||    52
       Dagger            |       |    96 |    60 ||   156
 Cast: Pain              |    26 |    71 |    18 ||   115
       Animate Skeleton  |     6 |    13 |     4 ||    23
 Stab: Sleeping          |       |     4 |       ||     4
  Eat: Bread ration      |     1 |       |     1 ||     2
       Chunk             |       |     1 |     1 ||     2
       Meat ration       |       |     1 |       ||     1
       Royal jelly       |       |     2 |       ||     2
       Pizza             |       |     1 |       ||     1
